 Dungeon Crawl Stone Soup version 0.29.1-12-g30fa7ad0bf (webtiles) character file.

Game seed: 14617505011973981734

85258 Lutefisk the Grappler (level 15, -8/156 HPs)
             Began as a Troll Berserker on Dec 17, 2022.
             Was a High Priest of Trog.
             Mangled by a spriggan defender simulacrum (21 damage)
             ... in an ice cave.
             The game lasted 01:15:55 (10580 turns).

Lutefisk the Grappler (Troll Berserker)            Turns: 10580, Time: 01:15:59

Health: -8/156     AC:  8    Str: 31    XL:     15   Next: 37%
Magic:  14/14      EV: 20    Int:  3    God:    Trog [*****.]
Gold:   1997       SH:  0    Dex: 19    Spells: 14/14 levels left

rFire   + . .      SeeInvis .     - Unarmed
rCold   + . .      Faith    .   (no shield)
rNeg    . . .      Spirit   .   F - +2 robe {rC+ rF+}
rPois   .          Reflect  .   V - +0 hat {Stlth+}
rElec   .          Harm     .   q - +0 cloak
rCorr   .          Rampage  .   (gloves unavailable)
Will    +....                   (boots unavailable)
Stlth   +++.......              (no amulet)
HPRegen 1.16/turn               C - +6 ring of dexterity
MPRegen 0.14/turn               l - +4 ring of evasion

@: on berserk cooldown, slowed, very slow
A: large, unfitting armour, claws 3, regeneration 1, shaggy fur 1, tough skin 1
a: Renounce Religion, Berserk, Trog's Hand, Brothers in Arms


You were in an ice cave.
You worshipped Trog.
Trog was extremely pleased with you.
You visited 3 branches of the dungeon, and saw 21 of its levels.
You also visited: Ice Cave.

You collected 2221 gold pieces.
You spent 224 gold pieces at shops.

Inventory:

Hand Weapons
 A - a +0 scimitar of flaming
 T - a +5 quarterstaff of flaming
Missiles
 y - 13 boomerangs (quivered)
 N - 3 large rocks
 R - 4 silver javelins
 S - 5 javelins
Armour
 q - a +0 cloak (worn)
 u - +0 fire dragon scales
 D - +0 acid dragon scales
 F - a +2 robe of resistance (worn)
 P - a +2 troll leather armour {Snorg}
 V - a +0 hat of stealth (worn)
 W - a scarf of shadows
Jewellery
 f - a ring of see invisible
 l - a +4 ring of evasion (right claw)
 C - a +6 ring of dexterity (left claw)
Wands
 k - a wand of iceblast (35)
 G - a wand of polymorph (11)
 I - a wand of charming (7)
 J - a wand of digging (5)
 M - a wand of light (7)
 O - a wand of mindburst (6)
Scrolls
 b - 7 scrolls of noise {unknown}
 c - 2 scrolls of amnesia {unknown}
 d - 4 scrolls of fog
 h - 3 scrolls of enchant armour {unknown}
 j - 3 scrolls of vulnerability
 n - a scroll of brand weapon {unknown}
 o - a scroll of blinking
 s - 3 scrolls of fear
 t - 4 scrolls of poison
 v - 5 scrolls of teleportation
 z - 3 scrolls of immolation
 U - a scroll of enchant weapon {unknown}
 X - 2 scrolls of silence {unknown}
Potions
 a - 2 potions of degeneration {unknown}
 e - a potion of ambrosia {unknown}
 g - 4 potions of might
 m - 3 potions of flight
 p - 2 potions of magic {unknown}
 r - 6 potions of heal wounds
 w - 2 potions of attraction {unknown}
 x - 4 potions of lignification
 B - a potion of cancellation {unknown}
 E - 2 potions of berserk rage {unknown}
 H - a potion of invisibility {unknown}
 K - 3 potions of mutation {unknown}
 L - 6 potions of haste
 Q - 2 potions of resistance {unknown}
 Y - 4 potions of curing
Miscellaneous
 i - a box of beasts (inert)
 Z - a lightning rod (4/4)


   Skills:
 - Level 12.0 Fighting
 - Level 8.0 Throwing
 * Level 10.6 Armour
 - Level 11.0 Dodging
 - Level 1.0 Stealth
 - Level 14.0 Unarmed Combat
 - Level 4.0 Evocations


You had 14 spell levels left.
You didn't know any spells.
Your spell library contained the following spells:

 Spells                   Type           Power      Damage    Failure   Level
 Freeze                   Ice            0%         1d3       52%         1
 Slow                     Hex            0%         N/A       52%         1
 Blink                    Tloc           0%         N/A       67%         2
 Ensorcelled Hibernation  Hex/Ice        0%         N/A       67%         2
 Passwall                 Tmut/Erth      0%         N/A       67%         2
 Static Discharge         Conj/Air       0%         3-3/arc   67%         2
 Confusing Touch          Hex            0%         N/A       88%         3
 Frozen Ramparts          Ice            0%         1d1       88%         3
 Lesser Beckoning         Tloc           0%         N/A       88%         3
 Spider Form              Tmut/Pois      0%         N/A       88%         3
 Swiftness                Air            0%         N/A       88%         3
 Vampiric Draining        Necr           0%         2d6       88%         3
 Anguish                  Hex/Necr       0%         N/A       99%         4
 Hailstorm                Conj/Ice       0%         3d3       99%         4
 Ice Form                 Ice/Tmut       0%         N/A       99%         4
 Manifold Assault         Tloc           0%         N/A       100%        5
 Summon Forest            Summ/Tloc      0%         N/A       100%        5
 Summon Mana Viper        Hex/Summ       0%         N/A       100%        5
 Conjure Ball Lightning   Conj/Air       0%         3x3d6     100%        6
 Simulacrum               Ice/Necr       0%         N/A       100%        6
 Summon Cactus Giant      Summ           0%         N/A       100%        6
 Lehudib's Crystal Spear  Conj/Erth      0%         10d2      100%        8


Dungeon Overview and Level Annotations

Branches:
Dungeon (14/15)            Temple (0/1) D:5            Lair (5/5) D:10
  Swamp (0/4) Lair:2        Snake (0/4) Lair:2        Slime (0/5) Lair:4
    Orc (2/2) D:11         Vaults (0/5) D:13          IceCv (1/1)
    Elf: Orc:2

Altars:
Elyvilon
Trog
Jiyva

Shops:
D:9 :   D:11 =   Orc:2 (=[?

Portals:
Trove: D:12 (give +4 demon whip)

Annotations:
Orc:2 Saint Roka


Innate Abilities, Weirdness & Mutations

You are too large for most types of armour.
You have claws for hands.
Your natural rate of healing is unusually fast.
You are covered in fur. (AC +1)
You have tough skin. (AC +1)


Message History

Your troll dies!
Your troll's corpse disappears in a puff of smoke!
Your ogre goes berserk!
A red film seems to cover your vision as you go berserk!
You feel yourself moving faster!
You feel mighty!
The caustic shrike simulacrum misses you.
Your ogre misses the caustic shrike simulacrum.
You barely miss the caustic shrike simulacrum.
The caustic shrike simulacrum is moderately damaged.
The caustic shrike simulacrum closely misses you.
You mangle the caustic shrike simulacrum!!
The caustic shrike simulacrum is severely damaged.
The caustic shrike simulacrum barely misses you.
Your ogre barely misses the caustic shrike simulacrum.
You mangle the caustic shrike simulacrum!!
The caustic shrike simulacrum vaporises!
Trog accepts your kill. What are your orders? t - Shout!
Anything else - Cancel.
Okay, then.
You feel a strong urge to attack something.
Your ogre rages.
Your ogre barely misses the spriggan defender simulacrum.
You feel your anger nearly subside.
You are no longer berserk.
You are exhausted.
You feel yourself slow down.
Your ogre rages.
You barely miss the spriggan defender simulacrum.
The spriggan defender simulacrum is almost destroyed.
The spriggan defender simulacrum hits you!
* * * LOW HITPOINT WARNING * * *
The spriggan defender simulacrum freezes you!!
You resist.
* * * LOW HITPOINT WARNING * * *
Your ogre barely misses the spriggan defender simulacrum.
The spriggan defender simulacrum hits you!
* * * LOW HITPOINT WARNING * * *
The spriggan defender simulacrum freezes you!!
You resist.
You die...

##...## ####.##.........
##...##)..##.........#.....
#..### ........Z..#.###....
#...# ....##..###### ##...
##..####. ##...# ####
###...### ###...#
##....###....##
###....O...## ###.@Z.###
######


You could see a spriggan defender simulacrum (ally target) and a friendly ogre
(summoned, berserk).

Vanquished Creatures
  Gastronok (Lair:3)
  Azrael (D:12)
  Snorg (Lair:3)
  2 fire dragons (Lair:5)
  Josephine (Orc:1)
  7 hydras
  2 boulder beetles
  A caustic shrike simulacrum (IceCv)
  A catoblepas (Lair:5)
  2 centaur warriors (D:14)
  4 two-headed ogres
  3 death yaks (Lair:5)
  Urug (Lair:3)
  The ghost of ratmagoo the Slicer, a journeyman SpEn of Gozag (Lair:1)
  2 skeletal warriors (D:14)
  An obsidian statue (IceCv)
  A swamp dragon (Lair:5)
  An orange crystal statue (IceCv)
  A spriggan simulacrum (IceCv)
  2 lindwurms (Lair:5)
  2 deep elf pyromancers (D:12)
  7 orc sorcerers
  A cyclops (D:11)
  A moth of wrath (shapeshifter) (D:13)
  An ugly thing (D:14)
  14 elephants
  2 gargoyles (D:10)
  4 black mambas
  8 cane toads
  6 rime drakes
  6 torpor snails
  Psyche (D:9)
  Maggie (D:9)
  An unseen horror (D:11)
  An efreet (D:14)
  3 freezing wraiths (IceCv)
  4 komodo dragons
  3 ice devils (IceCv)
  4 trolls
  3 tyrant leeches (Lair:5)
  3 polar bears
  13 hornets
  18 blink frogs
  17 dream sheep
  5 slime creatures
  Sigmund (D:3)
  5 shadows
  A spriggan (Lair:4)
  6 wraiths
  5 wyverns
  24 yaks
  2 fire elementals (D:12)
  3 hogs (Lair:4)
  5 basilisks
  9 vampire mosquitoes
  Menkaure (D:4)
  A harpy simulacrum (IceCv)
  2 minotaur simulacra (IceCv)
  4 steam dragons
  7 acid dragons
  9 wargs (Orc:2)
  5 hell hounds (D:12)
  18 water moccasins
  13 orc warriors
  A black bear (D:4)
  5 ogres (Orc:1)
  3 centaurs
  4 phantoms
  13 wolves
  A kobold brigand (D:7)
  A deep troll simulacrum (IceCv)
  16 bullfrogs
  A necrophage (D:6)
  8 scorpions
  5 wights (D:9)
  An electric eel (D:10)
  13 orc priests
  Ijyb (D:3)
  2 hounds
  6 iguanas
  32 orc wizards
  7 hell rats (Lair:1)
  6 ogre zombies (D:11)
  Robin (D:3)
  6 adders
  10 gnolls
  2 white imps
  A worm (D:2)
  59 orcs
  4 ball pythons
  4 bats
  4 endoplasms
  7 giant cockroaches
  10 goblins
  10 hobgoblins
  14 jackals
  7 kobolds
  2 quokkas
  2 frilled lizards
  A goblin skeleton (D:11)
  2 goblin zombies (D:11)
  A hobgoblin skeleton (D:11)
  3 hobgoblin zombies (D:11)
  An orc skeleton (D:11)
  11 orc zombies (D:11)
  6 rats
  A bush (D:14)
  A butterfly (D:9)
582 creatures vanquished.

Vanquished Creatures (collateral kills)
  Kirke (Lair:4)
  An ogre mage (D:13)
  4 hydras
  2 two-headed ogres (D:13)
  A tengu warrior (D:14)
  2 skeletal warriors (D:14)
  4 ugly things (D:14)
  A deep elf pyromancer (D:14)
  A slime creature (D:13)
  A black mamba (Lair:2)
  A cane toad (Lair:2)
  A spriggan (Lair:4)
  4 hogs (Lair:4)
  2 wargs (Orc:2)
  3 wolves (Lair:4)
  A black bear (Lair:4)
30 creatures vanquished.

Vanquished Creatures (others)
  A tengu conjurer (D:14)
  3 orc wizards (Orc:2)
  4 orcs (Orc:2)
  10 fungi
  65 plants
83 creatures vanquished.

Grand Total: 695 creatures vanquished

Notes
Turn   | Place    | Note
-------+----------+-------------------------------------------
     0 | D:1      | Lutefisk the Troll Berserker began the quest for the Orb.
     0 | D:1      | Reached XP level 1. HP: 22/22 MP: 0/0
   232 | D:1      | Reached XP level 2. HP: 29/29 MP: 1/1
   471 | D:2      | Reached XP level 3. HP: 10/37 MP: 2/2
   517 | D:2      | Reached ** piety under Trog
   608 | D:2      | Found a faded altar of an unknown god.
   731 | D:3      | Reached skill level 4 in Unarmed Combat
   731 | D:3      | Noticed Sigmund
   785 | D:2      | Reached XP level 4. HP: 43/45 MP: 3/3
   804 | D:3      | Noticed Ijyb
   820 | D:3      | Killed Ijyb
  1008 | D:3      | Killed Sigmund
  1009 | D:3      | Reached skill level 5 in Unarmed Combat
  1009 | D:3      | Reached XP level 5. HP: 55/55 MP: 4/4
  1009 | D:3      | Reached XP level 6. HP: 63/63 MP: 5/5
  1078 | D:3      | Noticed Robin
  1085 | D:3      | Killed Robin
  1264 | D:4      | Noticed Menkaure
  1271 | D:4      | Reached *** piety under Trog
  1280 | D:4      | Killed Menkaure
  1281 | D:4      | Reached skill level 1 in Evocations
  1339 | D:4      | Reached skill level 5 in Fighting
  1436 | D:4      | Reached skill level 1 in Armour
  1436 | D:4      | Reached XP level 7. HP: 71/72 MP: 6/6
  1471 | D:4      | Reached skill level 6 in Unarmed Combat
  1660 | D:5      | Entered Level 5 of the Dungeon
  1701 | D:5      | Got the Almanac of Metallic Fog
  1708 | D:5      | Found a staircase to the Ecumenical Temple.
  2002 | D:6      | Reached skill level 1 in Throwing
  2006 | D:6      | Reached XP level 8. HP: 77/83 MP: 7/7
  2091 | D:6      | Reached **** piety under Trog
  2617 | D:7      | Reached skill level 7 in Unarmed Combat
  2855 | D:8      | Reached XP level 9. HP: 73/89 MP: 8/8
  2870 | D:8      | Reached skill level 5 in Dodging
  3139 | D:9      | Reached ***** piety under Trog
  3166 | D:9      | Noticed Psyche
  3174 | D:9      | Killed Psyche
  3175 | D:9      | Reached skill level 1 in Stealth
  3246 | D:9      | Found Duahau's Book Shop.
  3264 | D:9      | Noticed Maggie
  3290 | D:9      | Killed Maggie
  3327 | D:9      | Noticed a two-headed ogre
  3335 | D:9      | Killed a two-headed ogre
  3490 | D:9      | Found a runed translucent door.
  3491 | D:9      | Found a runed translucent door.
  3503 | D:9      | Reached skill level 8 in Unarmed Combat
  3503 | D:9      | Reached XP level 10. HP: 102/102 MP: 9/9
  3583 | D:10     | Entered Level 10 of the Dungeon
  3583 | D:10     | Noticed a gargoyle
  3589 | D:10     | Killed a gargoyle
  3665 | D:10     | Noticed a gargoyle
  3680 | D:10     | Killed a gargoyle
  3810 | D:10     | Received a gift from Trog
  3932 | D:10     | Found a staircase to the Lair.
  3955 | D:10     | Reached skill level 5 in Armour
  4042 | D:11     | Noticed a cyclops
  4056 | D:11     | Killed a cyclops
  4057 | D:11     | Reached skill level 9 in Unarmed Combat
  4103 | D:11     | Found a white marble altar of Elyvilon.
  4125 | D:11     | Found Yme Jal's Jewellery Boutique.
  4199 | D:11     | Found a staircase to the Orcish Mines.
  4229 | D:11     | Reached skill level 10 in Unarmed Combat
  4245 | D:11     | Noticed a two-headed ogre
  4264 | D:11     | Killed a two-headed ogre
  4265 | D:11     | Reached XP level 11. HP: 111/111 MP: 10/10
  4300 | Orc:1    | Entered Level 1 of the Orcish Mines
  4440 | Orc:1    | Noticed Josephine
  4448 | Orc:1    | Killed Josephine
  4463 | Orc:1    | Found a bloodstained altar of Trog.
  4595 | Orc:2    | Entered Level 2 of the Orcish Mines
  4597 | Orc:2    | Noticed an orc sorcerer
  4723 | D:12     | Noticed a five-headed hydra
  4723 | D:12     | Noticed a five-headed hydra
  4728 | D:12     | Killed a five-headed hydra
  4729 | D:12     | Reached skill level 5 in Throwing
  4730 | D:12     | Killed a six-headed hydra
  4760 | D:12     | Noticed Azrael
  5021 | D:12     | Killed Azrael
  5046 | D:12     | Found a portal to a secret trove of treasure.
  5114 | Lair:1   | Entered Level 1 of the Lair of Beasts
  5114 | Lair:1   | Noticed ratmagoo's ghost (journeyman SpEn)
  5114 | Lair:1   | Found a runed translucent door.
  5173 | Lair:1   | Paralysed by a hornet for 2 turns
  5228 | Lair:1   | Reached XP level 12. HP: 107/123 MP: 11/11
  5362 | Lair:1   | Noticed a six-headed hydra
  5448 | Lair:2   | Found a staircase to the Swamp.
  5519 | Lair:2   | Found a staircase to the Snake Pit.
  5534 | Lair:2   | Reached skill level 11 in Unarmed Combat
  5601 | Lair:2   | Received a gift from Trog
  5819 | Lair:2   | Reached skill level 10 in Fighting
  5998 | Lair:2   | Reached skill level 12 in Unarmed Combat
  6050 | Lair:3   | Noticed Snorg
  6056 | Lair:3   | Killed Snorg
  6057 | Lair:3   | Reached XP level 13. HP: 133/133 MP: 12/12
  6118 | Lair:3   | Noticed Gastronok
  6120 | Lair:3   | Noticed Urug
  6169 | Lair:3   | Killed Gastronok
  6199 | Lair:3   | Killed Urug
  6547 | Lair:4   | Found a viscous altar of Jiyva.
  6547 | Lair:4   | Found a staircase to the Slime Pits.
  6570 | Lair:4   | Noticed Kirke
  6601 | Lair:4   | Killed Kirke
  6760 | Lair:5   | Entered Level 5 of the Lair of Beasts
  6787 | Lair:5   | Reached skill level 10 in Dodging
  6921 | Lair:5   | Found a runed translucent door.
  6921 | Lair:5   | Noticed a fire dragon
  6948 | Lair:5   | Paralysed by a hornet for 1 turns
  7099 | Lair:5   | Paralysed by a hornet for 2 turns
  7219 | Lair:5   | Reached skill level 13 in Unarmed Combat
  7383 | Lair:5   | Reached XP level 14. HP: 146/146 MP: 13/13
  7526 | Lair:5   | Reached skill level 14 in Unarmed Combat
  8394 | Lair:3   | Found the +5 scythe "Finisher" {speed, eviscerate}
  8493 | Lair:1   | Reached skill level 10 in Armour
  8531 | Lair:1   | Received a gift from Trog
  8555 | Lair:1   | Identified the +1 helmet of Tuufeoto {*Slow Str+6}
  8758 | Lair:1   | Killed ratmagoo's ghost
  9043 | Orc:2    | Paralysed by an orc sorcerer for 5 turns
  9058 | Orc:2    | Paralysed by an orc sorcerer for 2 turns
  9072 | Orc:2    | Reached ****** piety under Trog
  9078 | Orc:2    | Received a gift from Trog
  9121 | Orc:2    | Found Daofoz's Armour Boutique.
  9121 | Orc:2    | Found Ikhleguga's Magic Scroll Emporium.
  9135 | Orc:2    | Noticed Saint Roka
  9235 | Orc:2    | Found Nixi's Jewellery Emporium.
  9235 | Orc:2    | Found Inobosum's Weapon Boutique.
  9297 | Orc:2    | Bought a scroll of poison for 56 gold pieces
  9297 | Orc:2    | Bought a scroll of teleportation for 42 gold pieces
  9297 | Orc:2    | Bought a scroll of teleportation for 42 gold pieces
  9297 | Orc:2    | Bought a scroll of identify for 28 gold pieces
  9297 | Orc:2    | Bought a scroll of identify for 28 gold pieces
  9297 | Orc:2    | Bought a scroll of identify for 28 gold pieces
  9567 | D:13     | Found a gate to the Vaults.
 10106 | D:12     | Reached XP level 15. HP: 146/156 MP: 14/14
 10199 | D:14     | Received a gift from Trog
 10351 | D:14     | Found a frozen archway.
 10377 | IceCv    | Entered an ice cave
 10580 | IceCv    | Mangled by a spriggan defender simulacrum

Illustrated notes

Levels and vault maps discovered:
D:1:      dpeg_arrival_prison, layout_basic
D:2:      layout_basic, ebering_ecumenical_altar_petrified
D:3:      layout_basic, uniq_ijyb, uniq_robin, uniq_sigmund
D:4:      layout_basic, uniq_menkaure, uniq_crazy_yiuf_cottage
D:5:      layout_rooms, minmay_temple_entry_statues_pillars, minmay_fountain_box
D:6:      layout_layer_cave
D:7:      layout_basic, gammafunk_temple_overflow_statue, serial_shops,
          nicolae_diamond_shop
D:8:      layout_basic, nicolae_hepliaklqana_hazy_memory
D:9:      lemuel_insect_pit, layout_basic, serial_shops, nicolae_square_shop,
          uniq_psyche, uniq_maggie
D:10:     layout_big_octagon
D:11:     layout_rooms, zombieorc1_lemuel, serial_shops, kennysheep_little_box,
          elyvilon_altar_5
D:12:     layout_basic, nicolae_trove_entry_free_sample, billiards_dpeg,
          uniq_azrael
D:13:     layout_small_grid, david_vaults_2
D:14:     layout_rooms, portal_ice_cave_entry_pillars_1, minmay_hedge_maze
Lair:1:   wad_woods_04, layout_regular_city, hellmonk_ghost_happy_afterlife,
          dreamdust_wasp_nest
Lair:2:   layout_chaotic_city, minmay_swamp_entry_swarm,
          minmay_snake_entry_six_corridors
Lair:3:   layout_cave_pods, infiniplex_staircase_pool_2, uniq_urug, uniq_snorg,
          uniq_fannar, uniq_gastronok
Lair:4:   layout_regular_city, dpeg_slime_entry_enclosed, forest_entry_grove,
          uniq_kirke
Lair:5:   wormcave, layout_gridlike, guppyfry_lair_end_dragon,
          serial_bayou_lagoon_a, minivault_19
Orc:1:    layout_diamond_mine, serial_shops, nicolae_shop_hallway_plus,
          trog_butcher_becter, uniq_josephine
Orc:2:    st_orc_town, layout_caves, gammafunk_ghost_fury_of_okawaru,
          minmay_orc_temple_a, uniq_saint_roka
IceCv:    ice_cave_small_demon

Skill      XL: |  1  2  3  4  5  6  7  8  9 10 11 12 13 14 15 |
---------------+----------------------------------------------+-----
Fighting       | 3 4 5 6 7 8 9 10 11 12 | 12.0
Unarmed Combat | 4 5 6 7 8 10 12 13 14 | 14.0
Evocations     | 1 2 3 4 |  4.0
Dodging        | 3 4 6 8 9 10 11 | 11.0
Armour         | 1 4 5 7 8 10 | 10.6
Throwing       | 1 3 4 5 6 7 8 |  8.0
Stealth        | 1 |  1.0

Action                   |  1- 3 |  4- 6 |  7- 9 | 10-12 | 13-15 || total
-------------------------+-------+-------+-------+-------+-------++-------
Melee: Unarmed           |   114 |    99 |   271 |   610 |   804 ||  1898
       Punch             |     4 |       |    10 |    43 |    79 ||   136
       Scimitar          |       |       |       |       |    48 ||    48
       Quarterstaff      |       |       |       |       |     1 ||     1
Throw: Boomerang         |       |       |     6 |     9 |    34 ||    49
       Dart              |       |       |       |     7 |       ||     7
Invok: Berserk           |       |     2 |     2 |    10 |    10 ||    24
       Brothers in Arms  |       |       |       |     2 |    11 ||    13
       Trog's Hand       |       |       |       |       |     1 ||     1
Evoke: Box of beasts     |       |       |       |       |     1 ||     1
  Use: Scroll            |       |       |       |     9 |    14 ||    23
       Potion            |       |       |       |     1 |       ||     1
 Stab: Sleeping          |       |       |       |     1 |     3 ||     4
       Distracted        |       |       |       |       |     1 ||     1
       Petrifying        |       |       |       |       |     1 ||     1
Armor: Animal skin       |    38 |    10 |       |       |       ||    48
       Robe              |       |     6 |    37 |     2 |    11 ||    56
       Acid dragon scale |       |       |    32 |    73 |       ||   105
       Troll leather arm |       |       |       |    62 |   214 ||   276
       Fire dragon scale |       |       |       |       |     5 ||     5
Dodge: Dodged            |    96 |    53 |   156 |   539 |   639 ||  1483
